 Dungeon Crawl Stone Soup version 0.29-a0-321-gf1c400731a (webtiles) character file.

Game seed: 7176942285089783913

1146 siradein the Summoner (level 8, -3/59 HPs)
             Began as a White Draconian Summoner on Apr 4, 2022.
             Was an Initiate of Gozag.
             Killed from afar by Pikel (11 damage)
             ... with an iceblast
             ... on level 5 of the Dungeon.
             The game lasted 00:15:58 (5782 turns).

siradein the Summoner (White Draconian Summoner)    Turns: 5782, Time: 00:15:59

Health: -3/59      AC:  7    Str: 10    XL:     8   Next: 15%
Magic:  7/11       EV: 12    Int: 19    God:    Gozag
Gold:   418        SH:  0    Dex: 11    Spells: 1/11 levels left

rFire   . . .      SeeInvis .   k - +0 short sword (venom)
rCold   + . .      Faith    .   (no shield)
rNeg    . . .      Spirit   .   (body armour unavailable)
rPois   .          Reflect  .   (helmet restricted)
rElec   .          Harm     .   (no cloak)
rCorr   +          Rampage  .   (no gloves)
Will    .....                   m - +0 pair of boots
Stlth   ++........              (no amulet)
HPRegen 0.19/turn               c - ring of flight
MPRegen 0.12/turn               n - ring of resist corrosion

@: flying, very slightly contaminated
A: breathe frost, AC +6, unfitting armour, cold resistance 1, cold-blooded
a: Breathe Frost, Renounce Religion, Potion Petition, Call Merchant, Bribe
Branch


You were on level 5 of the Dungeon.
You worshipped Gozag.
Gozag was aware of your devotion.
You visited 2 branches of the dungeon, and saw 6 of its levels.

You collected 483 gold pieces.
You paid 65 gold pieces to Gozag.

Inventory:

Hand Weapons
 k - a +0 short sword of venom (weapon)
Armour
 m - a +0 pair of boots (worn)
Jewellery
 c - a ring of flight (left hand)
 n - a ring of resist corrosion (right hand)
Wands
 l - a wand of mindburst (20)
 q - a wand of polymorph (2)
Scrolls
 d - 4 scrolls of identify {unknown}
 e - 2 scrolls of teleportation {unknown}
 g - a scroll of vulnerability {unknown}
 h - a scroll of silence {unknown}
 i - 4 scrolls of blinking {unknown}
 j - 2 scrolls of magic mapping {unknown}
 o - a scroll of fog {unknown}
 s - 2 scrolls of amnesia {unknown}
 t - 2 scrolls of noise {unknown}
 v - a scroll of enchant weapon {unknown}
 w - a scroll of holy word {unknown}
 x - a scroll of enchant armour {unknown}
Potions
 a - 5 potions of magic
 b - 2 potions of curing {unknown}
 f - 2 potions of heal wounds {unknown}
 p - 3 potions of might {unknown}
 r - a potion of attraction {unknown}
 u - a potion of brilliance {unknown}


   Skills:
 + Level 1.5 Fighting
 + Level 2.2 Dodging
 - Level 1.7 Stealth
 + Level 1.2 Unarmed Combat
 + Level 2.4 Spellcasting
 + Level 9.7 Summonings
 + Level 1.2 Transmutations
 + Level 1.1 Air Magic


You had one spell level left.
You knew the following spells:

 Your Spells              Type           Power      Damage    Failure   Level
a - Call Imp              Summ           39%        N/A       1%          2
b - Summon Small Mammal   Summ           100%       N/A       1%          1
c - Call Canine Familiar  Summ           39%        N/A       1%          3
d - Summon Lightning Spi  Summ/Air       23%        N/A       17%         4

Your spell library contained the following spells:

 Spells                   Type           Power      Damage    Failure   Level
 Apportation              Tloc           4%         N/A       16%         1
 Summon Guardian Golem    Hex/Summ       20%        N/A       7%          3
 Wereblood                Tmut           6%         N/A       16%         2
 Passwall                 Tmut/Erth      3%         N/A       19%         2
 Ensorcelled Hibernation  Hex/Ice        4%         N/A       24%         2
 Sublimation of Blood     Necr           2%         N/A       24%         2
 Swiftness                Air            6%         N/A       30%         3
 Ignite Poison            Fire/Tmut/Pois 3%         N/A       38%         3
 Mephitic Cloud           Conj/Pois/Air  3%         N/A       38%         3
 Summon Hydra             Summ           19%        N/A       94%         7
 Alistair's Intoxication  Tmut/Pois      2%         N/A       98%         5
 Freezing Cloud           Conj/Ice/Air   1%         6-21      98%         5


Dungeon Overview and Level Annotations

Branches:
Dungeon (5/15)             Temple (1/1) D:4

Altars:
Ashenzari
Cheibriados
Elyvilon
Gozag
Okawaru
Qazlal
Vehumet
Wu Jian
Zin
The Shining One

Annotations:
D:5 Pikel


Innate Abilities, Weirdness & Mutations

You can breathe waves of freezing cold which knock back foes.
Your icy white scales are hard. (AC +6)
You cannot fit into any form of body armour.
Your flesh is cold resistant. (rC+)
You are cold-blooded and may be slowed by cold attacks.


Message History

Your lightning spire shoots out a bolt of lightning at the lemure!
The bolt of electricity hits the lemure!
Your lightning spire shoots out a bolt of lightning at the lemure!
The bolt of electricity hits the lemure!
The lemure barely misses your lightning spire.
Your lightning spire shoots out a bolt of lightning at the lemure!
The bolt of electricity hits the lemure.
The lemure barely misses your lightning spire.
Your lightning spire shoots out a bolt of lightning at the lemure!
The bolt of electricity hits the lemure!
The lemure dies!
Your lightning spire disappears in a puff of smoke!
A lemure comes into view.
Pikel, Merchant of Souls comes into view.
He is wielding a +0 whip of freezing and carrying a wand of iceblast (6).
There is a stone staircase leading up here.
A lemure comes into view.
Pikel zaps a wand.
The mass of ice explodes!
The iceblast engulfs you! You partially resist.
The lemure shouts! x2
There is a stone staircase leading up here.
Pikel zaps a wand.
The mass of ice explodes!
The iceblast engulfs you! You partially resist.
Pikel zaps a wand.
The mass of ice explodes!
The iceblast engulfs you! You partially resist.
Casting: Summon Lightning Spire (dangerous; 17% risk of failure)
Confirm with . or Enter, or press ? or * to list all spells.
You miscast Summon Lightning Spire.
You are very lightly contaminated with residual magic.
You are caught in an explosion of electrical discharges!
* * * LOW HITPOINT WARNING * * *
Pikel zaps a wand.
The mass of ice explodes!
The iceblast engulfs you! You partially resist.
* * * LOW HITPOINT WARNING * * *
Things that are here:
a +0 short sword; a +0 leather armour; a +0 hand axe Pikel says, "You'll feel the lick of my whip!"
Pikel zaps a wand.
The mass of ice explodes!
The iceblast engulfs you! You partially resist.
You die...
Your body crumbles into a pile of gold.

#...# #....# .#.#.# ......
##..## #....#### .#.## ##..##
#....##.. #.#..# ..#
..##..###....##.# #.##.###..
8..##..##....##.####.##.....
.8..##............##.##.. .#
_.8..###..)..##.#..#.##.#..#
.8..##...)..)....)...##.#..###.
8..##...####....@).............
..+#..### ##.#..##.#..#.#......
##..## #....###......# ###..
##..## ###### ###....#### #..##
##......# #.## #.K.##.....
..###### ###.#5# .... .......#
####...#<# ... .#####.#
#)...###.# $..


You could see Pikel and a lemure.

Vanquished Creatures
  A black bear (D:5)
  3 scorpions
  4 orc priests
  Natasha (D:2)
  6 adders
  An ufetubus (D:5)
  2 dart slugs
  5 orcs
  A ball python (D:1)
  5 endoplasms
  5 giant cockroaches
  3 goblins
  3 hobgoblins
  2 kobolds (D:4)
  2 quokkas
  2 bats
  A frilled lizard (D:2)
  2 rats
49 creatures vanquished.

Vanquished Creatures (collateral kills)
  A black bear (D:5)
  2 ogres
  2 lemures (D:5)
  2 necrophages
  A hound (D:5)
  2 iguanas
  Natasha (twice) (D:2)
  2 orc wizards (D:5)
  2 adders
  3 dart slugs
  8 orcs
  A bat (D:3)
  An endoplasm (D:2)
  A giant cockroach (D:4)
  3 goblins
  4 hobgoblins
  3 jackals (D:4)
  A quokka (D:1)
  5 kobolds
  A rat (D:1)
47 creatures vanquished.

Grand Total: 96 creatures vanquished

Notes
Turn   | Place    | Note
-------+----------+-------------------------------------------
     0 | D:1      | siradein the Draconian Summoner began the quest for the
                  | Orb.
     0 | D:1      | Reached XP level 1. HP: 14/14 MP: 3/3
   295 | D:1      | Reached XP level 2. HP: 16/20 MP: 3/5
   298 | D:1      | Learned a level 2 spell: Call Imp
  1586 | D:2      | Reached skill level 5 in Summonings
  1629 | D:2      | Reached XP level 3. HP: 26/26 MP: 3/6
  1640 | D:2      | Learned a level 3 spell: Call Canine Familiar
  2034 | D:2      | Found a faded altar of an unknown god.
  2042 | D:2      | Noticed Natasha
  2047 | D:2      | Killed Natasha
  2048 | D:2      | Reached XP level 4. HP: 33/33 MP: 5/7
  2192 | D:2      | Noticed Natasha
  2201 | D:2      | Killed Natasha
  2202 | D:2      | Reached skill level 6 in Summonings
  2516 | D:2      | Noticed Natasha
  2542 | D:2      | Killed Natasha
  2543 | D:2      | Reached XP level 5. HP: 38/38 MP: 4/8
  3587 | D:4      | Noticed an ogre
  3602 | D:4      | Killed an ogre
  3603 | D:4      | Reached skill level 7 in Summonings
  3603 | D:4      | Reached XP level 6. HP: 45/45 MP: 4/9
  3839 | D:4      | Reached skill level 8 in Summonings
  4013 | D:4      | Found a staircase to the Ecumenical Temple.
  4043 | Temple   | Entered the Ecumenical Temple
  4269 | Temple   | Became a worshipper of Gozag Ym Sagoz the Greedy
  4466 | D:4      | Your scales start taking on an icy white colour.
  4466 | D:4      | Reached XP level 7. HP: 40/50 MP: 10/10
  4466 | D:4      | Gained mutation: Your flesh is cold resistant. (rC+) [White
                  | Draconian growth]
  5030 | D:5      | Entered Level 5 of the Dungeon
  5127 | D:5      | Reached skill level 9 in Summonings
  5187 | D:5      | Learned a level 4 spell: Summon Lightning Spire
  5370 | D:5      | Found a glowing golden altar of the Shining One.
  5592 | D:5      | Reached skill level 1 in Fighting
  5592 | D:5      | Reached skill level 1 in Unarmed Combat
  5592 | D:5      | Reached skill level 1 in Transmutations
  5592 | D:5      | Reached XP level 8. HP: 59/59 MP: 3/11
  5605 | D:5      | Reached skill level 1 in Air Magic
  5770 | D:5      | Noticed Pikel
  5782 | D:5      | Killed from afar by Pikel

Illustrated notes

Levels and vault maps discovered:
D:1:      psy_arrival_whirlpool, layout_basic, chequers_garden
D:2:      layout_basic, chequers_ecumenical_altar_simple_redux,
          amcnicky_mini_rare_corridor_liquid, uniq_natasha
D:3:      layout_basic
D:4:      layout_loops_cross, minmay_temple_entry_mini_moons
D:5:      layout_rooms, tso_metal_star, uniq_pikel
Temple:   jpeg_temple_island

Skill      XL: |  1  2  3  4  5  6  7  8 |
---------------+-------------------------+-----
Summonings     | 5 6 7 8 9 |  9.7
Dodging        | 2 |  2.2
Fighting       | 1 |  1.5
Unarmed Combat | 1 |  1.2
Transmutations | 1 |  1.2
Air Magic      | 1 |  1.1
Stealth        | |  1.7
Spellcasting   | |  2.4

Action                   |  1- 3 |  4- 6 |  7- 9 || total
-------------------------+-------+-------+-------++-------
Melee: Unarmed           |     9 |       |       ||     9
       Dagger            |    32 |       |       ||    32
       Tailslap          |     3 |     7 |     5 ||    15
       Short sword       |    17 |    66 |    32 ||   115
       Punch             |     1 |       |       ||     1
 Cast: Summon Small Mamm |     3 |       |     3 ||     6
       Call Imp          |    18 |    15 |     6 ||    39
       Call Canine Famil |       |    12 |    11 ||    23
       Summon Lightning  |       |       |     1 ||     1
 Abil: Breathe Frost     |       |       |     7 ||     7
 Stab: Distracted        |       |     1 |       ||     1
       Sleeping          |       |     1 |       ||     1
Armor: Skin              |    18 |    22 |    19 ||    59
Dodge: Dodged            |    39 |    45 |    22 ||   106

Table legend: (Time is in decaauts)
 A = Elapsed time spent in this place.
 B = Non-inter-level travel time spent in this place.
 C = Inter-level travel time spent in this place.
 D = Time resting spent in this place.
 E = Time spent auto-exploring this place.
 F = Levels seen in this place.
 G = Mean time per level.
                   A        B        C        D        E       F      G
               +--------+--------+--------+--------+--------+-----+--------+
         Total |   5798 |   5690 |    108 |     89 |   4666 |   6 |  966.3 |
       Dungeon |   5541 |   5433 |    108 |     89 |   4448 |   5 | 1108.2 |
        Temple |    256 |    256 |      0 |      0 |    218 |   1 |  256.0 |
               +--------+--------+--------+--------+--------+-----+--------+

Top non-repeatable levels by time:
     D:1: 1562 daAuts
     D:4: 1312 daAuts
     D:2: 1225 daAuts
     D:3: 749 daAuts
     D:5: 692 daAuts
  Temple: 256 daAuts
